 Dungeon Crawl Stone Soup version 0.28-a0-863-g8cecda6153 (webtiles) character file.

Game seed: 6712809280377593428

5692 pokeman the Thaumaturge (level 10, -22/58 HPs)
             Began as a Deep Elf Hedge Wizard on Nov 17, 2021.
             Was an Initiate of Vehumet.
             Blown up by Maurice (33 damage)
             ... with a mindburst bolt
             ... on level 8 of the Dungeon.
             The game lasted 00:29:14 (11127 turns).

pokeman the Thaumaturge (Deep Elf Hedge Wizard)    Turns: 11127, Time: 00:29:15

Health: -22/58     AC:  8    Str:  7    XL:     10   Next: 47%
Magic:  24/29      EV: 13    Int: 23    God:    Vehumet [......]
Gold:   475        SH:  5    Dex: 14    Spells: 25/36 levels left

rFire   . . .      SeeInvis .   H - +3 halberd (elec)
rCold   . . .      Faith    .   (shield currently unavailable)
rNeg    + . .      Spirit   .   F - +0 steam dragon scales
rPois   .          Reflect  +   c - +0 hat
rElec   .          Harm     .   (no cloak)
rCorr   .          Rampage  .   (no gloves)
Will    +....                   N - +2 pair of boots
Stlth   ++........              d - amulet of reflection
HPRegen 0.19/turn               t - ring of positive energy
MPRegen 0.21/turn               (no ring)

@: no status effects
A: no striking features
a: Renounce Religion


You were on level 8 of the Dungeon.
You worshipped Vehumet.
Vehumet was noncommittal.
You visited 2 branches of the dungeon, and saw 9 of its levels.
You also visited: Bailey.

You collected 475 gold pieces.

Inventory:

Hand Weapons
 H - a +3 halberd of electrocution (weapon)
 K - a +0 hand crossbow
 L - a +0 shortbow
Missiles
 i - 144 arrows
 o - 103 bolts
 B - a throwing net
Armour
 c - a +0 hat (worn)
 A - a scarf of harm
 F - +0 steam dragon scales (worn)
 N - a +2 pair of boots (worn)
 P - a +0 cloak
Magical Staves
 k - a staff of poison
Jewellery
 d - an amulet of reflection (around neck)
 t - a ring of positive energy (left hand)
Wands
 w - a wand of mindburst (12)
 x - a wand of charming (22)
 D - a wand of acid (7)
 O - a wand of flame (19)
Scrolls
 b - 2 scrolls of acquirement {unknown}
 e - 2 scrolls of teleportation {unknown}
 f - a scroll of fear {unknown}
 g - a scroll of blinking {unknown}
 h - 4 scrolls of identify {unknown}
 j - a scroll of silence {unknown}
 n - a scroll of magic mapping {unknown}
 s - a scroll of enchant armour {unknown}
 v - a scroll of immolation {unknown}
 y - a scroll of summoning {unknown}
 C - a scroll of vulnerability {unknown}
 E - a scroll of enchant weapon {unknown}
Potions
 a - a potion of might {unknown}
 l - a potion of resistance {unknown}
 m - a potion of brilliance
 p - 3 potions of curing {unknown}
 q - 6 potions of haste
 r - 7 potions of heal wounds {unknown}
 u - 2 potions of attraction {unknown}
 z - 2 potions of flight {unknown}
 G - a potion of experience
 I - 2 potions of cancellation {unknown}
 J - 2 potions of mutation {unknown}
 M - a potion of degeneration {unknown}


   Skills:
 + Level 4.4 Fighting
 - Level 3.0 Armour
 - Level 3.0 Dodging
 - Level 3.0 Stealth
 * Level 13.6 Spellcasting
 + Level 7.8 Conjurations
 - Level 1.1 Summonings
 - Level 1.1 Translocations
 + Level 6.9 Fire Magic
 - Level 1.0 Air Magic
 - Level 1.5 Poison Magic
 - Level 1.2 Evocations


You had 25 spell levels left.
You knew the following spells:

 Your Spells              Type           Power      Damage    Failure   Level
a - Magic Dart            Conj           100%       1d8       1%          1
b - Mephitic Cloud        Conj/Pois/Air  31%        N/A       2%          3
c - Call Imp              Summ           20%        N/A       3%          2
d - Blink                 Tloc           40%        N/A       3%          2
e - Conjure Flame         Conj/Fire      49%        6-21      1%          3

Your spell library contained the following spells:

 Spells                   Type           Power      Damage    Failure   Level
 Slow                     Hex            60%        N/A       4%          1
 Iskenderun's Mystic Bla  Conj/Tloc      36%        2d9       6%          4
 Fulminant Prism          Conj/Hex       16%        3d11      8%          4
 Lee's Rapid Deconstruct  Erth           7%         3d8*      73%         5


Dungeon Overview and Level Annotations

Branches:
Dungeon (8/15)             Temple (1/1) D:4          Bailey (visited)
   Lair: D:8-11

Altars:
Ashenzari
Cheibriados
Dithmenos
Elyvilon
Fedhas
Gozag
Hepliaklqana
Kikubaaqudgha
Makhleb
Nemelex Xobeh
Okawaru
Qazlal
Ru
Sif Muna
Trog
Uskayaw
Vehumet
Wu Jian
Xom
Yredelemnul
Zin
The Shining One

Shops:
D:7 [

Annotations:
D:3 4 runed translucent doors, AlleluiaPinecone's ghost, amateur HOFi; Crazy Yiuf; avis's ghost, amateur OpTm; marklar909's ghost, amateur PaAK; snackwell's ghost, amateur DrCA
D:8 Maurice


Message History

Maurice the Thief comes into view.
He is wielding a +0 short sword and carrying a wand of mindburst (18).
Casting: Magic Dart (safe; 1% risk of failure)
Confirm with . or Enter, or press ? or * to list all spells.
Aiming: Magic Dart (safe; 1% risk of failure)
Press: ? - help, Shift-Dir - straight line, f - Maurice
Aim: Maurice, wielding a +0 short sword, wearing a +1 cloak and carrying a wand of mindburst (18) (wandering, hasn't noticed you, 100% to hit)
The magic dart hits Maurice.
Maurice is lightly wounded.
Maurice shouts!
You hear a shout!
Maurice zaps a wand.
You resist with significant effort.
Unknown command.
Casting: Magic Dart (safe; 1% risk of failure)
Confirm with . or Enter, or press ? or * to list all spells.
The fire begins to smoulder!
Maurice zaps a wand.
Your mind is blasted!
The fire ignites!
You start resting.
Maurice is nearby!
Casting: Conjure Flame (safe; 1% risk of failure)
Confirm with . or Enter, or press ? or * to list all spells.
Aiming: Mephitic Cloud (dangerous; 2% risk of failure)
Press: ? - help, Shift-Dir - straight line, f/p - Maurice
Aim: Maurice, wielding a +0 short sword, wearing a +1 cloak and carrying a wand of mindburst (16) (lightly wounded, chance to affect: 77%)
The ball explodes into a vile cloud!
The stinking cloud engulfs Maurice but does no damage.
Maurice is lightly wounded.
You hear a shout! x2
Maurice is engulfed in noxious fumes.
Unknown command.
Reach: H) +3 halberd (elec)
Press: ? - help, Dir - move target, f/p - Maurice
Aim: Maurice, wielding a +0 short sword, wearing a +1 cloak and carrying a wand of mindburst (16) (noxious fumes, lightly wounded, about 54% to evade your +3 halberd of electrocution)
You reach to attack!
You hit Maurice.
Maurice is lightly wounded.
Maurice is engulfed in noxious fumes.
Maurice zaps a wand.
Your mind is blasted!
* * * LOW HITPOINT WARNING * * *
Maurice is engulfed in noxious fumes.
Maurice zaps a wand.
Your mind is blasted!
Ouch! That really hurt!
You die...

#... ####... ...... #....
..#..@.##################
..........○.............#####
...........@.................
.#.#...#####☼.....##......###
#### #@.....#.....÷.#
#......#....#..###
#...............÷.
#......##....#.###
#......''.......#
#......##....##.##
#......##....##..#
######)).....##..#
#.......##...


You could see Maurice.

Vanquished Creatures
  Sigmund (D:4)
  10 yaks
  A wyvern (D:7)
  2 steam dragons (D:6)
  A water moccasin (D:6)
  2 orc warriors
  3 sky beasts
  A hornet zombie (D:4)
  4 necrophages
  4 ogres
  2 centaurs (D:7)
  A phantom (D:4)
  2 kobold brigands
  2 bullfrogs
  A wyvern zombie (D:7)
  3 scorpions
  8 killer bees
  3 wights (D:8)
  2 bullfrog zombies (D:6)
  A centaur zombie (D:5)
  A jelly (D:6)
  6 orc priests
  2 hounds
  3 centaur skeletons (D:7)
  Natasha (thrice) (D:2)
  Terence (D:3)
  3 iguanas
  8 orc wizards
  A hound skeleton (D:4)
  2 adders
  13 gnolls (Bailey)
  3 white imps (D:6)
  2 ufetubi
  3 worms
  A dart slug (D:1)
  26 orcs
  7 endoplasms
  3 giant cockroaches
  10 goblins
  16 hobgoblins
  2 quokkas (D:3)
  4 ball pythons
  3 bats
  A frilled lizard (D:1)
  25 kobolds
  4 rats
207 creatures vanquished.

Vanquished Creatures (collateral kills)
  An orc priest (D:3)
  2 orcs
3 creatures vanquished.

Vanquished Creatures (others)
  2 withered plants (D:3)
2 creatures vanquished.

Grand Total: 212 creatures vanquished

Notes
Turn   | Place    | Note
-------+----------+-------------------------------------------
     0 | D:1      | pokeman the Deep Elf Hedge Wizard began the quest for the
                  | Orb.
     0 | D:1      | Reached XP level 1. HP: 10/10 MP: 7/7
   369 | D:1      | Reached XP level 2. HP: 12/16 MP: 1/9
   919 | D:1      | Found a faded altar of an unknown god.
  1221 | D:2      | Noticed Natasha
  1229 | D:2      | Killed Natasha
  1230 | D:2      | Reached skill level 5 in Spellcasting
  1230 | D:2      | Reached XP level 3. HP: 20/20 MP: 7/11
  1234 | D:2      | Learned a level 3 spell: Mephitic Cloud
  1237 | D:2      | Learned a level 2 spell: Call Imp
  1240 | D:2      | Learned a level 2 spell: Blink
  1244 | D:2      | Learned a level 3 spell: Conjure Flame
  1256 | D:2      | Noticed Natasha
  1268 | D:2      | Killed Natasha
  1269 | D:2      | Reached skill level 1 in Fighting
  1269 | D:2      | Reached skill level 1 in Armour
  1269 | D:2      | Reached XP level 4. HP: 23/25 MP: 8/13
  1484 | D:2      | Found a glowing golden altar of the Shining One.
  1970 | D:2      | Noticed Natasha
  1977 | D:2      | Killed Natasha
  2248 | D:3      | Reached skill level 1 in Fire Magic
  2290 | D:3      | Found a hazy altar of Hepliaklqana.
  2475 | D:3      | Reached skill level 6 in Spellcasting
  2475 | D:3      | Reached XP level 5. HP: 29/29 MP: 11/15
  2764 | D:3      | Found a runed translucent gate.
  2764 | D:3      | Found a runed translucent gate.
  2984 | D:3      | Found a runed translucent gate.
  3010 | D:3      | Noticed AlleluiaPinecone's ghost (amateur HOFi)
  3010 | D:3      | Noticed snackwell's ghost (amateur DrCA)
  3010 | D:3      | Noticed Terence
  3022 | D:3      | Noticed marklar909's ghost (amateur PaAK)
  3025 | D:3      | Noticed avis's ghost (amateur OpTm)
  3071 | D:3      | Reached skill level 1 in Air Magic
  3429 | D:3      | Found a runed translucent door.
  3430 | D:3      | Noticed Crazy Yiuf
  3511 | D:3      | Killed Terence
  3620 | D:4      | Found a shimmering blue altar of Sif Muna.
  3700 | D:4      | Reached XP level 6. HP: 34/34 MP: 13/17
  3811 | D:4      | Noticed Sigmund
  3834 | D:4      | Killed Sigmund
  3835 | D:4      | Reached skill level 7 in Spellcasting
  3835 | D:4      | Reached skill level 1 in Poison Magic
  3835 | D:4      | Reached skill level 1 in Evocations
  3949 | D:4      | Reached XP level 7. HP: 38/38 MP: 5/20
  4261 | D:4      | Reached skill level 8 in Spellcasting
  4559 | D:4      | Found a staircase to the Ecumenical Temple.
  4566 | Temple   | Entered the Ecumenical Temple
  4990 | D:5      | Entered Level 5 of the Dungeon
  5076 | D:5      | Reached XP level 8. HP: 32/44 MP: 8/22
  5331 | D:5      | Reached skill level 9 in Spellcasting
  5743 | D:5      | Reached skill level 5 in Conjurations
  6171 | D:6      | Reached skill level 10 in Spellcasting
  6561 | D:6      | Reached XP level 9. HP: 14/48 MP: 12/25
  7105 | D:6      | Reached skill level 11 in Spellcasting
  7344 | D:6      | Reached skill level 5 in Fire Magic
  7585 | D:6      | Reached skill level 12 in Spellcasting
  7976 | D:6      | Found a glowing golden altar of the Shining One.
  7978 | D:6      | Noticed an angel
  8143 | D:6      | Found a basalt altar of Yredelemnul.
  8145 | D:6      | Noticed a profane servitor
  8439 | D:7      | Found a flagged portal.
  8465 | Bailey   | Entered a bailey
  9407 | D:7      | Reached XP level 10. HP: 54/56 MP: 22/28
  9896 | D:7      | Found Ruff's Armour Emporium.
  9909 | D:7      | Found a radiant altar of Vehumet.
  9916 | D:7      | Became a worshipper of Vehumet
 10514 | D:8      | Reached skill level 13 in Spellcasting
 11039 | D:8      | Found a bloodstained altar of Trog.
 11113 | D:8      | Noticed Maurice
 11127 | D:8      | Blown up by Maurice

Illustrated notes

Levels and vault maps discovered:
D:1:      lightli_arrival_windingriver, layout_rooms,
          hellmonk_ecumenical_altar_inner_sanctum
D:2:      layout_basic, basic_altar, uniq_natasha
D:3:      layout_basic, mainiacjoe_overflow_six_doors_small,
          gammafunk_ghost_cemetery, minmay_distorted, uniq_crazy_yiuf_cottage,
          uniq_terence
D:4:      layout_basic, nicolae_sif_muna_condensation,
          minmay_temple_entry_drinking_statues, uniq_sigmund
D:5:      layout_loops_corners, kennysheep_cross_room, lemuel_flamethrower_2
D:6:      layout_loops_cross, grunt_temple_overflow_holy_war, st_stairs_9,
          minmay_increasing_density
D:7:      layout_basic, vehumet_altar_wand_db, serial_shops, shop,
          enter_bailey_3, roderic_lattice_a, mrwooster_statue_mirror
D:8:      layout_basic, kennysheep_mini_moat, minmay_bent, uniq_maurice
Temple:   regret_index_temple_sphere_string

Skill      XL: |  1  2  3  4  5  6  7  8  9 10 |
---------------+-------------------------------+-----
Spellcasting   | 5 6 7 8 10 12 13 | 13.6
Fighting       | 1 2 3 4 |  4.4
Armour         | 1 3 |  3.0
Conjurations   | 2 3 4 5 7 |  7.8
Fire Magic     | 1 3 4 6 |  6.9
Dodging        | 3 |  3.0
Air Magic      | 1 |  1.0
Stealth        | 3 |  3.0
Poison Magic   | 1 |  1.5
Evocations     | 1 |  1.2
Summonings     | |  1.1
Translocations | |  1.1

Action                   |  1- 3 |  4- 6 |  7- 9 | 10-12 || total
-------------------------+-------+-------+-------+-------++-------
Melee: Dagger            |     7 |    38 |   111 |       ||   156
       Spear             |     1 |       |       |       ||     1
       Halberd           |       |       |    11 |    72 ||    83
 Cast: Magic Dart        |    53 |    75 |   222 |    21 ||   371
       Mephitic Cloud    |     1 |     9 |    37 |    15 ||    62
       Conjure Flame     |       |     6 |    25 |     9 ||    40
       Call Imp          |       |     2 |     1 |       ||     3
 Stab: Sleeping          |     1 |     1 |       |       ||     2
       Confused          |     1 |     6 |    12 |     8 ||    27
Armor: Robe              |     2 |       |       |       ||     2
       Leather armour    |     3 |     2 |    11 |       ||    16
       Steam dragon scal |       |       |    30 |    12 ||    42
Dodge: Dodged            |     9 |    18 |   125 |    25 ||   177
Block: Other             |     3 |     3 |    49 |    10 ||    65
       Reflection        |       |       |     6 |       ||     6

Table legend: (Time is in decaauts)
 A = Elapsed time spent in this place.
 B = Non-inter-level travel time spent in this place.
 C = Inter-level travel time spent in this place.
 D = Time resting spent in this place.
 E = Time spent auto-exploring this place.
 F = Levels seen in this place.
 G = Mean time per level.
                   A        B        C        D        E       F      G
               +--------+--------+--------+--------+--------+-----+--------+
         Total |  11174 |  10912 |    262 |    916 |   8183 |  10 | 1117.4 |
       Dungeon |  10192 |   9945 |    247 |    602 |   7758 |   8 | 1274.0 |
        Temple |    168 |    153 |     15 |      0 |    139 |   1 |  168.0 |
        Bailey |    813 |    813 |      0 |    314 |    286 |   1 |  813.0 |
               +--------+--------+--------+--------+--------+-----+--------+

Top non-repeatable levels by time:
     D:6: 2174 daAuts
     D:3: 1471 daAuts
     D:7: 1253 daAuts
     D:4: 1234 daAuts
     D:5: 1169 daAuts
     D:2: 1104 daAuts
     D:1: 1015 daAuts
  Bailey: 813 daAuts
     D:8: 769 daAuts
  Temple: 168 daAuts
